AoeStats
← TIMVP

Nomad

509158817Analyzed
3v3 RM · 6d ago on Sep 25, 2026· 53m 34s· 6 players
Game mode
Random Map
Map size
210×210
Population
200
Speed
Normal
Resources
Standard
Victory
Conquest
Starting age
Dark Age
Ending age
Imperial Age
RankedLock teamsTeams togetherTeam positionsShared explorationLock speedFull tech treeHidden civsTurbo modeCheats
Victory
Defeat
🇵🇪 Berbers · Peru
727
+16
🇵🇪 Magyars · Peru
720
+17
🇨🇱 Burmese · Chile
679
+18
🇨🇳 Huns · China
765
-18
🇮🇳 Bengalis · India
734
-17
🇨🇳 Bohemians · China
694
-26
A†ilA
16:56 Feudal Age
18:16 Wheelbarrow
17:46 Fishing Lines
23:42 Castle Age
24:26 Scale Barding Armor
24:28 Gillnets
25:50 Chain Barding Armor
25:48 Bloodlines
25:40 Husbandry
26:26 Corvinian Army
26:55 Hand Cart
27:03 Hand Cart
29:27 Imperial Age
29:48 Corvinian Army
29:53 Elite Magyar Huszar
31:27 Hand Cart
32:35 Conscription
Takhyom
7:35 Loom
14:06 Feudal Age
16:06 Arson
19:19 Man-at-Arms
25:46 Forging
25:37 Scale Mail Armor
30:56 Castle Age
31:49 Squires
31:38 Fishing Lines
35:59 Pikeman
41:29 Iron Casting
47:17 Imperial Age
45:41 Fletching
46:55 Bodkin Arrow
48:55 Scale Barding Armor
49:32 Wheelbarrow
49:09 Gillnets
50:40 Bracer
52:23 Blast Furnace
52:35 Hand Cart
53:13 Howdah
53:35 Conscription
53:28 Town Watch
54:01 Chain Mail Armor
53:43 Horse Collar
TIMVP
14:04 Loom
16:34 Feudal Age
17:54 Wheelbarrow
17:08 Double-Bit Axe
18:57 Fishing Lines
25:14 Castle Age
23:04 Man-at-Arms
25:29 Pikeman
26:11 Squires
26:16 Scale Mail Armor
26:21 Gillnets
30:59 Chain Mail Armor
35:32 Imperial Age
36:08 Forging
39:57 Plate Mail Armor
49:24 Hand Cart
50:41 Iron Casting
54:57 Blast Furnace
Monica
8:23 Loom
19:26 Feudal Age
24:48 Man-at-Arms
29:48 Wheelbarrow
44:46 Castle Age
板蓝根
15:26 Feudal Age
20:52 Castle Age
19:10 Man-at-Arms
19:47 Double-Bit Axe
20:01 Stone Mining
28:20 Long Swordsman
29:56 Murder Holes
32:52 Fletching
betalbaadshah
5:48 Loom
19:53 Feudal Age
20:51 Double-Bit Axe
21:45 Wheelbarrow
22:08 Fishing Lines
27:35 Castle Age
25:46 Horse Collar
27:27 Gold Mining
27:37 Stone Mining
36:04 Bow Saw
35:59 Heavy Plow
36:02 Caravan
35:51 Town Watch
37:43 Arson
37:58 Squires
37:43 Gambesons
37:19 Man-at-Arms
37:19 Pikeman
40:56 Pikeman
44:20 Hand Cart
44:06 Town Patrol
45:40 Forging
45:30 Scale Mail Armor
45:37 Town Patrol
45:34 Gillnets
47:44 Long Swordsman
Connection lost

Rejoining the realm…

Still unreachable

The connection could not be restored.

Session expired

The server has moved on; the page needs a fresh start.